 Dungeon Crawl Stone Soup version 0.21.1-1-g345015f (webtiles) character file.

1155 Monsterracer the Cudgeler (level 8, -4/64 HPs)
             Began as a Formicid Skald on July 6, 2018.
             Killed by divine providence
             ... invoked by an orc priest
              (14 damage)
             ... on level 6 of the Dungeon.
             The game lasted 00:12:30 (9095 turns).

Monsterracer the Cudgeler (Formicid Skald)          Turns: 9095, Time: 00:12:31

Health: -4/64      AC:  6    Str: 22    XL:     8   Next: 66%
Magic:  11/11      EV: 12    Int: 14    God:
Gold:   133        SH:  0    Dex: 10    Spells: 0/11 levels left

rFire    . . .     SeeInvis +   a - +0 flail
rCold    . . .     Gourm    .   (no shield)
rNeg     . . .     Faith    .   b - +0 leather armour
rPois    .         Spirit   .   (helmet unavailable)
rElec    .         Reflect  .   (no cloak)
rCorr    .         Harm     .   i - +2 pair of gloves
MR       .....                  (no boots)
Stlth    ..........             (no amulet)
HPRegen  0.20/turn              r - ring of teleportation (curse)
MPRegen  0.12/turn              (no ring)

@: confused, mighty
A: permanent stasis, dig shafts and tunnels, four strong arms, antennae 3
a: Dig, Shaft Self


You were on level 6 of the Dungeon.
You were not hungry.

You visited 1 branch of the dungeon, and saw 7 of its levels.

You collected 133 gold pieces.

Inventory:

Hand Weapons
 a - a +0 flail (weapon)
Armour
 b - a +0 leather armour (worn)
 d - a +0 large shield
 i - a +2 pair of gloves (worn)
Jewellery
 r - a cursed ring of teleportation (left hand)
Wands
 u - a wand of enslavement (19)
Scrolls
 e - a scroll of magic mapping {!r}
 h - 4 scrolls of remove curse
 n - a scroll of amnesia
 o - a scroll of fog
 t - a scroll of enchant armour
Potions
 j - 2 potions of degeneration {unknown}
 k - a potion of flight {unknown}
 l - a potion of mutation {unknown}
 m - a potion of berserk rage {unknown}
 p - a potion of resistance {unknown}
 q - 3 potions of brilliance {unknown}
 s - a potion of heal wounds {unknown}
Comestibles
 c - 6 rations


   Skills:
 + Level 5.7 Fighting
 * Level 7.2 Maces & Flails
 - Level 1.1 Armour
 - Level 1.7 Dodging
 - Level 2.1 Spellcasting
 + Level 5.5 Charms


You couldn't memorise any spells.
You knew the following spells:

 Your Spells              Type           Power        Failure   Level  Hunger
a - Infusion              Chrm           ###.         2%          1    #......
b - Shroud of Golubria    Chrm/Tloc      #.........   13%         2    ###....
c - Song of Slaying       Chrm           ###.....     4%          2    ###....
d - Spectral Weapon       Hex/Chrm       #.......     26%         3    ###....
j - Regeneration          Chrm/Necr      #.........   26%         3    ###....


Dungeon Overview and Level Annotations

Branches:
Dungeon (7/15)
 Temple: D:4-7

Altars:
Makhleb
Nemelex Xobeh
Vehumet
Wu Jian

Shops:
D:5 [

Annotations:
D:5 Sigmund


Innate Abilities, Weirdness & Mutations

You cannot be hasted, slowed, berserked, paralysed or teleported.
You can dig through walls and to a lower floor.
Your four strong arms can wield two-handed weapons with a shield.
You have a pair of large antennae on your head. (SInv)


Message History

The jackal is heavily wounded.
The jackal closely misses you.
You miss the jackal.
The jackal is heavily wounded.
The jackal bites you. x2
A jackal comes into view.
You take 2 damage, and have 62/64 hp.
You hit the jackal.
The jackal is almost dead.
The jackal bites you.
You take 2 damage, and have 60/64 hp.
You hit the jackal.
You kill the jackal!
The jackal bites you but does no damage.
The jackal barely misses you. The jackal closely misses you.
The jackal bites you.
You take 1 damage, and have 59/64 hp.
The jackal barely misses you.
There is an open door here.
The jackal closely misses you.
Casting: Shroud of Golubria
Confirm with . or Enter, or press ? or * to list all spells.
You begin infusing your attacks with magical energy.
You now have 10/11 mp.
You hit the jackal!
You kill the jackal!
You now have 9/11 mp.
You hit the jackal!
You kill the jackal!
The jackal bites you.
You take 2 damage, and have 58/64 hp.
You now have 8/11 mp.
Casting: Infusion
Confirm with . or Enter, or press ? or * to list all spells.
You start singing a song of slaying.
The jackal misses you.
You now have 6/11 mp.
You miss the jackal.
The jackal bites you but does no damage.
You barely miss the jackal.
The jackal bites you but does no damage.
The jackal barely misses you.
You sock the jackal!
You kill the jackal!
You now have 5/11 mp.
No target in view!
An orc warrior comes into view. It is wielding a mace.
The orc warrior shouts!
You hear a shout! x2
You see here a jackal corpse.
You thump the orc warrior!
The orc warrior is heavily wounded.
You completely miss the orc warrior.
The orc warrior is heavily wounded.
The orc warrior hits you with a mace!!
You take 18 damage, and have 41/64 hp.
MASSIVE DAMAGE!!
You are too injured to fight recklessly!
You hit the orc warrior.
The orc warrior is heavily wounded.
The orc warrior closely misses you.
You are too injured to fight recklessly!
You are too injured to fight recklessly!
You closely miss the orc warrior.
The orc warrior is heavily wounded.
The orc warrior hits you with a mace.
You take 6 damage, and have 36/64 hp.
You barely miss the orc warrior.
The orc warrior is heavily wounded.
You hear a shout!
The orc warrior hits you with a mace!
* * * LOW HITPOINT WARNING * * *
You hear a shout!
You take 11 damage, and have 25/64 hp.
You hit the orc warrior.
The orc warrior is heavily wounded.
The orc warrior hits you with a mace!
* * * LOW HITPOINT WARNING * * *
You take 16 damage, and have 9/64 hp.
MASSIVE DAMAGE!!
You now have 5/11 mp.
Your magical infusion is running out.
An orc comes into view. It is wielding a flail.
You are no longer magically infusing your attacks.
An orc priest comes into view. It is wielding a mace.
Your song is almost over.
Your song has ended.
The orc priest looks encouraged for a moment.
A bullfrog comes into view.
The bullfrog gives a loud, deep croak!
An orc wizard comes into view. It is wielding a dagger.
You feel very mighty all of a sudden.
You closely miss the bullfrog. The bullfrog closely misses you.
The bullfrog hits you but does no damage.
The orc warrior hits you with a mace!
* * * LOW HITPOINT WARNING * * *
You take 9 damage, and have 6/64 hp.
Okay, then.
Really quaff
g - a potion of ambrosia {!q}?
You are confused.
You feel invigorated.
The orc wizard casts a spell.
The orc wizard blinks!
The bullfrog closely misses you.
The orc priest mumbles some strange prayers to Beogh against you.
Beogh smites you!
You die...

#.#.<...##
##..>.:#
..##...##
#.....#
#..ยง..#
##.####
#o# #.#
#.#
.#######o#
......F@o#
.#########


You could see an orc warrior, a bullfrog, an orc priest and an orc.

Vanquished Creatures
  Grinder (D:4)
  A phantom (D:7)
  An ogre (D:4)
  The ghost of dscm the Shield-Bearer, an amateur OpFi (D:4)
  The ghost of lysyklops the Skirmisher, a weakling DrBe of Trog (D:3)
  3 crimson imps
  An orc wizard (D:5)
  An orc priest (D:3)
  3 bullfrog skeletons
  2 hounds
  Terence (D:2)
  3 worker ants
  A hound zombie (D:5)
  Robin (D:2)
  3 gnolls (D:5)
  7 adders
  A shadow imp (D:4)
  An ooze (D:1)
  An adder skeleton (D:4)
  A worm (D:4)
  A dart slug (D:1)
  5 leopard geckos
  12 orcs
  A ball python (D:3)
  3 giant cockroaches
  12 goblins
  13 hobgoblins
  13 jackals
  A quokka (D:3)
  9 bats
  5 frilled lizards
  7 kobolds
  A quokka skeleton (D:5)
  6 rats
124 creatures vanquished.

Notes
Turn   | Place    | Note
-------+----------+-------------------------------------------
     0 | D:1      | Monsterracer the Formicid Skald began the quest for the Orb.
     0 | D:1      | Reached XP level 1. HP: 16/16 MP: 3/3
   227 | D:1      | Reached XP level 2. HP: 15/23 MP: 0/5
   368 | D:1      | HP: 7/23 [ooze (5)]
   755 | D:1      | Reached XP level 3. HP: 19/28 MP: 4/6
   760 | D:1      | Learned a level 3 spell: Regeneration
   859 | D:1      | Learned a level 2 spell: Shroud of Golubria
   940 | D:1      | Reached skill level 3 in Maces & Flails
  1665 | D:2      | Noticed Robin
  1681 | D:2      | Killed Robin
  1681 | D:2      | Reached XP level 4. HP: 25/35 MP: 5/7
  1689 | D:2      | HP: 13/35 [hobgoblin/club[Robin] (6)]
  1694 | D:2      | HP: 6/35 [hobgoblin/club[Robin] (2)]
  2277 | D:2      | Found an ornate altar of the Wu Jian Council.
  2603 | D:2      | Noticed Terence
  2615 | D:2      | HP: 17/35 [Terence/hand axe (5)]
  2623 | D:2      | Killed Terence
  2623 | D:2      | Reached XP level 5. HP: 17/41 MP: 1/8
  2877 | D:3      | Learned a level 2 spell: Song of Slaying
  2893 | D:3      | HP: 20/41 [orc/whip (3)]
  3298 | D:3      | Noticed lysyklops's ghost (weakling DrBe)
  3309 | D:3      | HP: 20/41 [bat (1)]
  3310 | D:3      | HP: 4/41 [lysyklops's ghost (10)]
  3822 | D:3      | Reached skill level 4 in Maces & Flails
  3869 | D:3      | HP: 20/41 [orc priest/short sword (4)]
  4267 | D:3      | Found a burning altar of Makhleb.
  4267 | D:3      | Found a radiant altar of Vehumet.
  4303 | D:3      | HP: 19/42 [crimson imp (4)]
  4314 | D:3      | HP: 14/42 [crimson imp (2)]
  4316 | D:3      | Reached XP level 6. HP: 15/48 MP: 5/9
  4993 | D:3      | HP: 23/48 [lysyklops's ghost (6)]
  4999 | D:3      | HP: 8/48 [lysyklops's ghost (4)]
  5020 | D:3      | HP: 8/48 [lysyklops's ghost (3)]
  5515 | D:4      | Noticed dscm's ghost (amateur OpFi)
  5527 | D:3      | HP: 24/48 [poisoned by a worker ant]
  5694 | D:4      | Killed dscm's ghost
  5694 | D:4      | Reached skill level 5 in Maces & Flails
  5852 | D:4      | HP: 24/48 [worker ant (1)]
  5857 | D:3      | HP: 11/48 [poisoned by a worker ant]
  5859 | D:3      | HP: 4/48 [worker ant (5)]
  5861 | D:3      | You fall through a shaft!
  6150 | D:4      | Noticed an ogre
  6166 | D:4      | HP: 17/48 [ogre/giant club (21)]
  6169 | D:4      | Killed an ogre
  6169 | D:4      | Reached XP level 7. HP: 20/55 MP: 4/10
  6174 | D:4      | HP: 16/55 [hound (1)]
  6177 | D:4      | You fall through a shaft!
  6177 | D:5      | Entered Level 5 of the Dungeon
  6191 | D:5      | HP: 17/55 [hound zombie (2)]
  6577 | D:4      | Found a sparkling altar of Nemelex Xobeh.
  6672 | D:4      | Noticed Grinder
  6687 | D:4      | HP: 24/55 [Grinder (8)]
  6883 | D:3      | Learned a level 1 spell: Infusion
  6898 | D:4      | HP: 23/55 [Grinder/nerve-wracking pain (10)]
  6905 | D:4      | HP: 9/55 [Grinder (7)]
  7274 | D:3      | Killed lysyklops's ghost
  7345 | D:4      | Reached skill level 6 in Maces & Flails
  7548 | D:4      | Killed Grinder
  7548 | D:4      | Reached skill level 5 in Fighting
  7548 | D:4      | Reached skill level 5 in Charms
  7548 | D:4      | Reached XP level 8. HP: 33/62 MP: 0/11
  7700 | D:4      | Learned a level 3 spell: Spectral Weapon
  7835 | D:5      | Noticed Sigmund
  7847 | D:4      | HP: 28/62 [shadow imp (5)]
  7853 | D:4      | HP: 28/62 [poisoned by Sigmund]
  7861 | D:4      | HP: 27/62 [poisoned by Sigmund]
  8168 | D:5      | Found Ute Wiov's Armour Boutique.
  8469 | D:5      | Reached skill level 7 in Maces & Flails
  8548 | D:5      | HP: 25/63 [Sigmund/scythe of venom (9)]
  8551 | D:5      | HP: 6/63 [centaur (13)]
  8554 | D:5      | HP: 2/63 [poisoned by Sigmund]
  8559 | D:5      | HP: 13/63 [poisoned by Sigmund]
  8564 | D:5      | You fall through a shaft for 2 floors!
  8564 | D:7      | HP: 14/63 [poisoned by Sigmund]
  8569 | D:7      | HP: 12/63 [poisoned by Sigmund]
  8575 | D:7      | HP: 10/63 [poisoned by Sigmund]
  8583 | D:7      | HP: 10/63 [poisoned by Sigmund]
  8591 | D:7      | HP: 9/63 [poisoned by Sigmund]
  9065 | D:6      | HP: 25/64 [orc warrior/mace (11)]
  9066 | D:6      | HP: 9/64 [orc warrior/mace (16)]
  9094 | D:6      | HP: 6/64 [orc warrior/mace (9)]
  9095 | D:6      | Killed from afar by an orc priest

Skill      XL: |  1  2  3  4  5  6  7  8 |
---------------+-------------------------+-----
Maces & Flails | 3 4 5 6 7 |  7.2
Fighting       | 3 4 5 |  5.7
Charms         | 4 5 |  5.5
Armour         | |  1.1
Dodging        | |  1.7
Spellcasting   | |  2.1

Action                   |  1- 3 |  4- 6 |  7- 9 || total
-------------------------+-------+-------+-------++-------
Melee: Mace              |   106 |   276 |     9 ||   391
       Flail             |       |       |   242 ||   242
 Cast: Infusion          |     5 |    20 |    16 ||    41
       Shroud of Golubri |     2 |     9 |    11 ||    22
       Song of Slaying   |       |     1 |     1 ||     2
       Regeneration      |       |       |     2 ||     2
 Abil: Shaft Self        |       |     1 |     2 ||     3
       Dig               |       |       |     1 ||     1
  Use: Potion            |       |     1 |     3 ||     4
       Scroll            |       |       |    12 ||    12
  Eat: Chunk             |     3 |    12 |     3 ||    18
       Ration            |       |     1 |     3 ||     4
Armor: Leather armour    |    31 |    83 |    70 ||   184
Dodge: Dodged            |    60 |   173 |   136 ||   369

Vault maps used:
D:1:      nicolae_arrival_memento_mori
D:2:      minmay_misc_feat_square, minmay_misc_feat_nine_boxes,
          lemuel_tele_altar, uniq_terence, uniq_robin
D:3:      grunt_temple_overflow_lords_of_destruction, first_ration
D:4:      nemelex_diamond_rough_becter, uniq_grinder
D:5:      serial_shops, nicolae_shop_waterfront, nrook_mini_backslash,
          uniq_sigmund
D:6:      minitemple, overflow_temple_1_default,
          minmay_temple_entry_butterflies, uniq_eustachio
D:7:      grunt_temple_overflow_opulence, uniq_menkaure, uniq_crazy_yiuf_cottage
